BSA
ST. LOUIS BROWNS @ NEW ORLEANS LOOTERS
09/07/2030
 
TOP OF THE 1ST
St. Louis Browns batting - Pitching for New Orleans Looters : RHP Edward Baker
Pitching: RHP Edward Baker
Batting: RHB Pepe Carrasco 0-0: Ball
1-0: Called Strike
1-1: Ground out 4-3 (Groundball, 4)
Batting: LHB Robin Hill 0-0: Ball
1-0: Swinging Strike
1-1: Ball
2-1: Foul Ball, location: 2F
2-2: Ball
3-2: Strikes out looking
Batting: LHB Norberto Muñóz 0-0: Ball
1-0: DOUBLE (Line Drive, 7LM)
Batting: SHB Víctor Serrano 0-0: Ball
1-0: SINGLE (Flyball, 7LS)
Norberto Muñóz to third
Runner from 3rd tries for Home, SAFE, no throw
Batting: LHB Junior Coates 0-0: Fielders Choice at 2nd, 6-4 (Groundball, 6)
Top of the 1st over - 1 run, 2 hits, 0 errors, 1 left on base; St. Louis 1 - New Orleans 0
BOTTOM OF THE 1ST
New Orleans Looters batting - Pitching for St. Louis Browns : LHP Terry Klassen
Pitching: LHP Terry Klassen
Batting: LHB Miguel Colón 0-0: SINGLE (Groundball, 34D)
Batting: RHB Dave O'Loan 0-0: Ball
1-0: Called Strike
1-1: Ball
2-1: Ball
3-1: Base on Balls
Miguel Colón to second
Batting: SHB Arturo Sánchez 0-0: Ground out 3-1 (Groundball, 34S)
Miguel Colón to third
Dave O'Loan to second
Batting: RHB Ramón Hernández 0-0: Ball
1-0: Swinging Strike
1-1: Swinging Strike
1-2: Ball
2-2: Ball
3-2: Base on Balls
Batting: LHB Taylor Smith 0-0: SINGLE (Line Drive, 34)
Miguel Colón scores
Dave O'Loan to third
Ramón Hernández to second
Batting: RHB Tim Gardner 0-0: Called Strike
0-1: Grounds into double play, 5-4-3 (Groundball, 56)
Bottom of the 1st over - 1 run, 2 hits, 0 errors, 2 left on base; St. Louis 1 - New Orleans 1
TOP OF THE 2ND
St. Louis Browns batting - Pitching for New Orleans Looters : RHP Edward Baker
Batting: RHB Carlos Alfaro 0-0: Called Strike
0-1: Ground out 6-3 (Groundball, 6MS)
Batting: LHB Dave Watson 0-0: Called Strike
0-1: Called Strike
0-2: Ball
1-2: Ball
2-2: Strikes out looking
Batting: LHB Juan Vásquez 0-0: Ground out U3 (Groundball, 3L)
Top of the 2nd over - 0 runs, 0 hits, 0 errors, 0 left on base; St. Louis 1 - New Orleans 1
BOTTOM OF THE 2ND
New Orleans Looters batting - Pitching for St. Louis Browns : LHP Terry Klassen
Batting: RHB Dan Banks 0-0: Ball
1-0: SINGLE (Line Drive, 6MD)
Batting: LHB John Hudson 0-0: Called Strike
0-1: Ball
1-1: Called Strike
1-2: Foul Ball, location: 2F
1-2: Strikes out swinging
Batting: RHB Run-ming Zhu 0-0: Ball
1-0: Ball
2-0: 2-RUN HOME RUN (Flyball, 7D), Distance : 387 ft
Batting: LHB Miguel Colón 0-0: Ball
1-0: Foul Ball, location: 2F
1-1: Ball
2-1: Foul Ball, location: 2F
2-2: Ground out 4-3 (Groundball, 4M)
Batting: RHB Dave O'Loan 0-0: Ball
1-0: Ball
2-0: Called Strike
2-1: Ball
3-1: Foul Ball, location: 2F
3-2: Foul Ball, location: 2F
3-2: Base on Balls
Batting: SHB Arturo Sánchez 0-0: Ball
1-0: SINGLE (Groundball, 56D)
Dave O'Loan to second
Batting: RHB Ramón Hernández 0-0: Foul Ball, location: 2F
0-1: Fly out, F7 (Flyball, 78M)
Bottom of the 2nd over - 2 runs, 3 hits, 0 errors, 2 left on base; St. Louis 1 - New Orleans 3
TOP OF THE 3RD
St. Louis Browns batting - Pitching for New Orleans Looters : RHP Edward Baker
Batting: SHB Tim Reid 0-0: SINGLE (Line Drive, 9LS)
Batting: RHB Pepe Carrasco 0-0: Called Strike
0-1: Ball
1-1: Called Strike
1-2: SINGLE (Groundball, 4D)
Tim Reid to second
Runner from 2nd tries for 3rd, SAFE, no throw
Batting: LHB Robin Hill 0-0: Called Strike
0-1: Foul Ball, location: 2F
0-2: Strikes out looking
Batting: LHB Norberto Muñóz 0-0: Called Strike
0-1: Called Strike
0-2: Ball
1-2: Ball
2-2: Ball
3-2: Fly out, F7 (Flyball, 7)
Batting: SHB Víctor Serrano 0-0: Called Strike
0-1: Foul Ball, location: 2F
0-2: Ball
1-2: Ball
2-2: Foul Ball, location: 2F
2-2: Strikes out looking
Top of the 3rd over - 0 runs, 2 hits, 0 errors, 2 left on base; St. Louis 1 - New Orleans 3
BOTTOM OF THE 3RD
New Orleans Looters batting - Pitching for St. Louis Browns : LHP Terry Klassen
Batting: LHB Taylor Smith 0-0: Called Strike
0-1: Ball
1-1: Called Strike
1-2: Foul Ball, location: 2F
1-2: Ball
2-2: Ground out 6-3 (Groundball, 6)
Batting: RHB Tim Gardner 0-0: Called Strike
0-1: Foul Ball, location: 2F
0-2: Ball
1-2: Ball
2-2: Fly out, F6 (Line Drive, 6)
Batting: RHB Dan Banks 0-0: Swinging Strike
0-1: Ball
1-1: Ground out 3-1 (Groundball, 34)
Bottom of the 3rd over - 0 runs, 0 hits, 0 errors, 0 left on base; St. Louis 1 - New Orleans 3
TOP OF THE 4TH
St. Louis Browns batting - Pitching for New Orleans Looters : RHP Edward Baker
Batting: LHB Junior Coates 0-0: Fly out, F7 (Flyball, 7S)
Batting: RHB Carlos Alfaro 0-0: Called Strike
0-1: Foul Ball, location: 2F
0-2: Ball
1-2: Ground out 5-3 (Groundball, 56S)
Batting: LHB Dave Watson 0-0: Foul Ball, location: 2F
0-1: Fly out, F8 (Flyball, 8LS)
Top of the 4th over - 0 runs, 0 hits, 0 errors, 0 left on base; St. Louis 1 - New Orleans 3
BOTTOM OF THE 4TH
New Orleans Looters batting - Pitching for St. Louis Browns : LHP Terry Klassen
Batting: LHB John Hudson 0-0: Called Strike
0-1: Ball
1-1: Ball
2-1: Swinging Strike
2-2: Ball
3-2: Base on Balls
Batting: RHB Run-ming Zhu 0-0: Fly out, F7 (Flyball, 78S)
Batting: LHB Miguel Colón 0-0: Called Strike
0-1: Foul Ball, location: 2F
0-2: Ball
1-2: Ball
2-2: Strikes out looking
Batting: RHB Dave O'Loan 0-0: Ball
1-0: Ball
2-0: Called Strike
2-1: Called Strike
2-2: Ball
3-2: Foul Ball, location: 2F
3-2: Foul Ball, location: 2F
3-2: Foul Ball, location: 2F
3-2: SINGLE (Groundball, 6MD)
John Hudson to second
John Hudson to third
Batting: SHB Arturo Sánchez 0-0: Ball
1-0: Fly out, F9 (Flyball, 9LDF)
Bottom of the 4th over - 0 runs, 1 hit, 0 errors, 2 left on base; St. Louis 1 - New Orleans 3
TOP OF THE 5TH
St. Louis Browns batting - Pitching for New Orleans Looters : RHP Edward Baker
Batting: LHB Juan Vásquez 0-0: Ball
1-0: Foul Ball, location: 2F
1-1: Called Strike
1-2: Foul Ball, location: 2F
1-2: Foul Ball, location: 2F
1-2: Ground out 6-3 (Groundball, 6)
Batting: SHB Tim Reid 0-0: Ball
1-0: Called Strike
1-1: Ball
2-1: Ground out U3 (Groundball, 3L)
Batting: RHB Pepe Carrasco 0-0: Called Strike
0-1: Swinging Strike
0-2: Strikes out swinging
Top of the 5th over - 0 runs, 0 hits, 0 errors, 0 left on base; St. Louis 1 - New Orleans 3
BOTTOM OF THE 5TH
New Orleans Looters batting - Pitching for St. Louis Browns : LHP Terry Klassen
Batting: RHB Ramón Hernández 0-0: Ball
1-0: Swinging Strike
1-1: SINGLE (Groundball, 6MD)
Batting: LHB Taylor Smith 0-0: Fielders Choice at 2nd, 6-4 (Groundball, 6)
Now at 2B: José Flores
Batting: RHB Tim Gardner 0-0: Called Strike
0-1: Foul Ball, location: 2F
0-2: Ball
1-2: Strikes out swinging
Batting: RHB Dan Banks 0-0: Ball
1-0: SINGLE (Groundball, 56D)
Taylor Smith to second
Batting: LHB John Hudson 0-0: Swinging Strike
Passed Ball!
Taylor Smith to third
Dan Banks to second
0-1: Ball
1-1: DOUBLE (Flyball, 89XD)
Taylor Smith scores
Dan Banks scores
Batting: RHB Run-ming Zhu 0-0: Ball
1-0: Ball
2-0: Called Strike
2-1: Ground out 5-3 (Groundball, 56)
Bottom of the 5th over - 2 runs, 3 hits, 0 errors, 1 left on base; St. Louis 1 - New Orleans 5
TOP OF THE 6TH
St. Louis Browns batting - Pitching for New Orleans Looters : RHP Edward Baker
Batting: LHB Robin Hill 0-0: Fly out, F8 (Flyball, 8RD)
Batting: LHB Norberto Muñóz 0-0: Ball
1-0: Ball
2-0: Ball
3-0: Called Strike
3-1: Called Strike
3-2: Strikes out swinging
Batting: SHB Víctor Serrano 0-0: Called Strike
0-1: Foul Ball, location: 2F
0-2: Foul Ball, location: 2F
0-2: Strikes out swinging
Top of the 6th over - 0 runs, 0 hits, 0 errors, 0 left on base; St. Louis 1 - New Orleans 5
BOTTOM OF THE 6TH
New Orleans Looters batting - Pitching for St. Louis Browns : LHP Terry Klassen
Pitching: LHP Mike Graves
Batting: LHB Miguel Colón 0-0: Ball
1-0: Called Strike
1-1: SINGLE (Groundball, 34D)
Batting: RHB Dave O'Loan 0-0: Foul Ball, location: 2F
0-1: Ball
1-1: Ball
2-1: Ball
3-1: Base on Balls
Miguel Colón to second
Batting: SHB Arturo Sánchez 0-0: Called Strike
0-1: Ball
1-1: Called Strike
1-2: Fielders Choice at 2nd, 3-6 (Groundball, 34)
Miguel Colón to third
Batting: RHB Ramón Hernández 0-0: Ball
Throwing error on steal attempt, E2
Miguel Colón scores
Arturo Sánchez to third
1-0: Ground out 1-3 (Groundball, 13)
Batting: LHB Taylor Smith 0-0: Ball
1-0: Called Strike
1-1: Ball
2-1: Foul Ball, location: 2F
2-2: Fly out, F8 (Flyball, 8LM)
Bottom of the 6th over - 1 run, 1 hit, 1 error, 1 left on base; St. Louis 1 - New Orleans 6
TOP OF THE 7TH
St. Louis Browns batting - Pitching for New Orleans Looters : RHP Edward Baker
Batting: LHB Junior Coates 0-0: Ball
1-0: Called Strike
1-1: Ball
2-1: Swinging Strike
2-2: Foul Ball, location: 2F
2-2: Foul Ball, location: 2F
2-2: Ball
3-2: Strikes out looking
Batting: RHB Carlos Alfaro 0-0: Foul Ball, location: 2F
0-1: Swinging Strike
0-2: Ball
1-2: Strikes out swinging
Batting: LHB Dave Watson 0-0: Ground out 1-3 (Groundball, 13)
Top of the 7th over - 0 runs, 0 hits, 0 errors, 0 left on base; St. Louis 1 - New Orleans 6
BOTTOM OF THE 7TH
New Orleans Looters batting - Pitching for St. Louis Browns : LHP Mike Graves
Batting: RHB Tim Gardner 0-0: Ball
1-0: SINGLE (Groundball, 15S) (infield hit)
Batting: RHB Dan Banks 0-0: Grounds into double play, 6-4-3 (Groundball, 6)
Batting: LHB John Hudson 0-0: Swinging Strike
0-1: Called Strike
0-2: Strikes out looking
Bottom of the 7th over - 0 runs, 1 hit, 0 errors, 0 left on base; St. Louis 1 - New Orleans 6
TOP OF THE 8TH
St. Louis Browns batting - Pitching for New Orleans Looters : RHP Edward Baker
Batting: LHB Juan Vásquez 0-0: Called Strike
0-1: Foul Ball, location: 2F
0-2: Ball
1-2: Ball
2-2: Ball
3-2: Foul Ball, location: 2F
3-2: Base on Balls
Batting: RHB José Flores 0-0: Foul Ball, location: 2F
0-1: Ball
1-1: Called Strike
1-2: Foul Ball, location: 2F
1-2: Foul Ball, location: 2F
1-2: Ball
2-2: Foul Ball, location: 2F
2-2: Grounds into double play, 4-6-3 (Groundball, 4)
Batting: RHB Pepe Carrasco 0-0: Ball
1-0: Called Strike
1-1: Foul Ball, location: 2F
1-2: Ball
2-2: Foul Ball, location: 2F
2-2: Ground out 5-3 (Groundball, 56S)
Top of the 8th over - 0 runs, 0 hits, 0 errors, 0 left on base; St. Louis 1 - New Orleans 6
BOTTOM OF THE 8TH
New Orleans Looters batting - Pitching for St. Louis Browns : LHP Mike Graves
Batting: RHB Run-ming Zhu 0-0: Called Strike
0-1: Fly out, F7 (Flyball, 78M)
Batting: LHB Miguel Colón 0-0: Called Strike
0-1: Foul Ball, location: 2F
0-2: Foul Ball, location: 2F
0-2: Ball
1-2: DOUBLE (Flyball, 8RXD)
Batting: RHB Dave O'Loan 0-0: Called Strike
Throwing error on steal attempt, E2
Miguel Colón scores
0-1: SINGLE (Flyball, 7LS)
Batting: SHB Arturo Sánchez 0-0: Ball
1-0: Ball
2-0: Foul Ball, location: 2F
2-1: Ground out U3 (Groundball, 34S)
Dave O'Loan to second
Batting: RHB Ramón Hernández 0-0: Called Strike
0-1: Ball
1-1: Ball
2-1: Swinging Strike
2-2: Strikes out swinging
Bottom of the 8th over - 1 run, 2 hits, 1 error, 1 left on base; St. Louis 1 - New Orleans 7
TOP OF THE 9TH
St. Louis Browns batting - Pitching for New Orleans Looters : RHP Edward Baker
Batting: LHB Robin Hill 0-0: SINGLE (Flyball, 8RS)
Batting: LHB Norberto Muñóz 0-0: Ball
1-0: Ball
2-0: Foul Ball, location: 2F
2-1: Fly out, F6 (Line Drive, 6)
Pitching: RHP Jason MacKnight
Batting: SHB Víctor Serrano 0-0: Ball
1-0: Fly out, F8 (Flyball, 78D)
Batting: LHB Junior Coates 0-0: Ball
1-0: Called Strike
1-1: Fly out, F2 (Popup, 2L)
Top of the 9th over - 0 runs, 1 hit, 0 errors, 1 left on base; St. Louis 1 - New Orleans 7
Saturday, April 7th, 2018 - OOTP Baseball 18.8 Build 76